 Dungeon Crawl Stone Soup version bcrawl-1.21.3-16-g7f46a08de7 (webtiles) character file.

Game seed: 4685826160184907521

100 Chiseanne the Ducker (level 4, -3/22 HPs)
             Began as a Spriggan Gladiator on May 3, 2020.
             Was an Initiate of Sif Muna.
             Slain by an adder (5 damage)
             ... on level 8 of the Dungeon.
             The game lasted 00:12:52 (2800 turns).

Chiseanne the Ducker (Spriggan Gladiator)           Turns: 2800, Time: 00:12:53

Health: -3/22      AC:  4    Str: 10      XL:     4   Next: 46%
Magic:  1/5        EV: 21    Int:  9      God:    Sif Muna [......]
Gold:   229        SH:  2    Dex: 16 (18) Spells: 1/3 levels left

rFire    . . .     SeeInvis +   a - +0 rapier
rCold    . . .     Gourm    .   (shield restricted)
rNeg     . . .     Faith    .   b - +0 robe
rPois    .         Spirit   .   j - +2 hat
rElec    .         Reflect  +   (no cloak)
rCorr    .         Harm     .   (gloves unavailable)
MR       .....                  (boots unavailable)
Stlth    ++........             o - +2 amulet of reflection
HPRegen  0.07/turn              (no ring)
MPRegen  0.09/turn              (no ring)

@: very slightly contaminated, hasted, very quick
A: very small, unfitting armour, see invisible, herbivore, speed 3, slow
metabolism 2
a: Divine Energy, Renounce Religion


You were on level 8 of the Dungeon.
You worshipped Sif Muna.
Sif Muna was noncommittal.
You were not hungry.

You visited 2 branches of the dungeon, and saw 9 of its levels.

You collected 229 gold pieces.

Inventory:

Hand Weapons
 a - a +0 rapier (weapon)
Missiles
 d - 3 throwing nets {!*}
 g - 440 bolts
 i - 1233 stones (quivered)
 l - 358 arrows
 m - 98 tomahawks
 r - 45 curare-tipped needles
Armour
 b - a +0 robe (worn)
 j - a +2 hat (worn)
 t - a +2 hat
Jewellery
 o - a +2 amulet of reflection (around neck)
Wands
 k - a wand of digging (4)
 n - a wand of flame (38)
Scrolls
 s - a scroll of fog
Potions
 c - 2 potions of heal wounds {unknown}
 h - 2 potions of degeneration {unknown}
 p - a potion of lignification {unknown}
 q - a potion of flight {unknown}
Comestibles
 e - 4 rations {!d}


   Skills:
 - Level 1.5 Fighting
 * Level 4.4 Short Blades
 - Level 2.9 Throwing
 * Level 5.4 Dodging
 * Level 3.1 Stealth
 * Level 0.0 Spellcasting


You had one spell level left.
You knew the following spells:

 Your Spells              Type           Power        Failure   Level  Hunger
a - Blink                 Tloc           N/A          52%         2    ###....

Your spell library contained the following spells:

 Spells                   Type           Power        Failure   Level  Hunger
 Magic Dart               Conj           #...         38%         1    ##.....
 Call Imp                 Summ           #.....       52%         2    ###....
 Conjure Flame            Conj/Fire      #.......     77%         3    ####...
 Mephitic Cloud           Conj/Pois/Air  #.......     77%         3    ####...
 Spider Form              Tmut/Pois      #..          77%         3    ####...


Dungeon Overview and Level Annotations

Branches:
Dungeon (8/12)             Temple (1/1) D:5            Lair (0/6) D:7
    Orc: D:8-11

Altars:
Dithmenos
Fedhas
Hepliaklqana
Kikubaaqudgha
Nemelex Xobeh
Okawaru
Ru
Sif Muna
Vehumet
Zin

Annotations:
D:7 2 runed translucent doors, Sickboy's ghost, novice FrWz
D:8 Harold


Innate Abilities, Weirdness & Mutations

You are very small and have problems with some larger weapons.
You are too small for most types of armour.
You have supernaturally acute eyesight. (SInv)
You are a herbivore.
You cover ground extremely quickly.
You need to consume almost no food.


Message History

Confirm with . or Enter, or press ? or * to list all spells.
You blink.
Harold throws a throwing net.
You reflect the throwing net off an invisible shield around you!
The throwing net hits Harold.
Harold is caught in the net!
Harold struggles against the net.
Harold points at you and mumbles some strange words.
The bolt of fire misses you.
Harold struggles against the net.
You hear a bark!
You feel yourself speed up. The adder closely misses you.
Harold struggles against the net.
As you open the door, it creaks loudly!
A wraith comes into view.
You hear a howl!
Harold says, "I was hoping my final job would be more of a challenge, but money is money."
Harold struggles against the net.
There is an open door here.
A jackal comes into view.
The adder bites you.
You die...

##..## ....
.... ...
#.. #.# #W#
##'##
##@..##
##..S..##
##.......##
#....Y....#
+.........+
#......)..#
##.....@.##
##......h#
##...##(#


You could see Harold (caught), a wraith, an ice beast, an adder and a jackal.

Vanquished Creatures
  A howler monkey (D:4)
  2 adders (D:4)
  An adder skeleton (D:4)
  A leopard gecko (D:2)
  11 orcs
  A bat (D:1)
  2 giant cockroaches
  2 goblins (D:1)
  2 hobgoblins (D:3)
  A quokka (D:3)
  A jackal skeleton (D:6)
  4 kobolds
29 creatures vanquished.

Notes
Turn   | Place    | Note
-------+----------+-------------------------------------------
     0 | D:1      | Chiseanne the Spriggan Gladiator began the quest for the
                  | Orb.
     0 | D:1      | Reached XP level 1. HP: 10/10 MP: 2/2
   370 | D:1      | Reached skill level 1 in Stealth
   449 | D:2      | Reached XP level 2. HP: 11/14 MP: 3/3
   598 | D:2      | Found a sparkling altar of Nemelex Xobeh.
  1056 | D:3      | Reached XP level 3. HP: 11/18 MP: 4/4
  1249 | D:4      | Noticed an ice beast
  1268 | D:4      | Reached skill level 5 in Dodging
  1328 | D:4      | Found a glowing silver altar of Zin.
  1339 | D:4      | Noticed an ice beast
  1400 | D:4      | Reached XP level 4. HP: 22/22 MP: 5/5
  1460 | D:5      | Entered Level 5 of the Dungeon
  1769 | D:5      | Found a staircase to the Ecumenical Temple.
  1779 | Temple   | Entered the Ecumenical Temple
  1809 | Temple   | Became a worshipper of Sif Muna the Loreminder
  1900 | D:5      | Noticed a phantom
  1978 | D:5      | Noticed a centaur
  2221 | D:5      | Learned a level 2 spell: Blink
  2351 | D:6      | Found a radiant altar of Vehumet.
  2533 | D:7      | Found an iron altar of Okawaru.
  2544 | D:7      | Found an ancient bone altar of Kikubaaqudgha.
  2565 | D:7      | Found a large runed translucent door.
  2566 | D:7      | Found a large runed translucent door.
  2569 | D:7      | Noticed Sickboy's ghost (novice FrWz)
  2616 | D:7      | Found a staircase to the Lair.
  2641 | D:7      | Noticed an ogre
  2669 | D:7      | Noticed a big kobold
  2713 | D:6      | Noticed a phantom
  2787 | D:8      | Noticed Harold
  2787 | D:8      | Noticed an ice beast
  2798 | D:8      | Noticed a wraith
  2800 | D:8      | Slain by an adder

Skill      XL: |  1  2  3  4 |
---------------+-------------+-----
Stealth        | 1 2 3 |  3.1
Short Blades   | 4 |  4.4
Dodging        | 5 |  5.4
Fighting       | |  1.5
Throwing       | |  2.9

Action                   |  1- 3 |  4- 6 || total
-------------------------+-------+-------++-------
Melee: Rapier            |    90 |    44 ||   134
Throw: Stone             |     3 |       ||     3
 Cast: Blink             |       |     1 ||     1
Evoke: Wand              |       |     3 ||     3
  Use: Scroll            |       |     6 ||     6
       Potion            |       |     2 ||     2
 Stab: Sleeping          |     2 |     3 ||     5
Armor: Robe              |    10 |     4 ||    14
Dodge: Dodged            |    59 |    59 ||   118
Block: Other             |       |     2 ||     2
       Reflection        |       |     1 ||     1
